 Dungeon Crawl Stone Soup version 0.20.1-1-g8b1a95d (webtiles) character file.

9320 homeworkjunkie the Cleaver (level 11, -2/97 HPs)
             Began as a Hill Orc Fighter on Nov 29, 2017.
             Was an Elder of Okawaru.
             Slain by an unseen horror (7 damage)
             ... on level 10 of the Dungeon.
             The game lasted 00:16:34 (9362 turns).

homeworkjunkie the Cleaver (Hill Orc Fighter)       Turns: 9362, Time: 00:16:35

Health: -2/97      AC: 11    Str: 21    XL:     11   Next: 44%
Magic:  15/15      EV: 10    Int: 10    God:    Okawaru [****..]
Gold:   446        SH: 15    Dex: 12    Spells: 10/10 levels left

rFire    . . .     SeeInvis .   a - +3 war axe
rCold    . . .     Gourm    .   c - +0 shield
rNeg     . . .     Faith    .   o - +3 ring mail
rPois    +         Spirit   .   (no helmet)
rElec    .         Reflect  +   q - +0 cloak
rCorr    .         Harm     .   (no gloves)
MR       .....                  (no boots)
Stlth    +.........             h - +4 amulet of reflection
Regen    0.3/turn               j - ring of poison resistance
MPRegen  0.2/turn               (no ring)

@: no status effects
A: clever 1, wild magic 1
a: Heroism, Renounce Religion


You were on level 10 of the Dungeon.
You worshipped Okawaru.
Okawaru was greatly pleased with you.
You were not hungry.

You visited 4 branches of the dungeon, and saw 15 of its levels.

You collected 536 gold pieces.
You spent 90 gold pieces at shops.

Inventory:

Hand Weapons
 a - a +3 war axe (weapon)
Armour
 c - a +0 shield (worn)
 o - a +3 ring mail (worn)
 q - a +0 cloak (worn)
Jewellery
 h - a +4 amulet of reflection (around neck)
 j - a ring of poison resistance (left hand)
Wands
 i - a wand of iceblast (8/15)
 m - a wand of acid (5/15)
 p - a wand of digging (12/24)
Scrolls
 l - 2 scrolls of teleportation
 n - a scroll of magic mapping
 r - 4 scrolls of identify
 s - 3 scrolls of remove curse
Potions
 b - a potion of flight
 u - 2 potions of mutation
 v - a potion of curing
Comestibles
 f - 9 bread rations
 g - 7 meat rations
 k - a royal jelly


   Skills:
 * Level 9.0 Fighting
 * Level 14.1 Axes
 * Level 7.4 Armour
 + Level 2.4 Dodging
 + Level 0.1 Stealth
 * Level 9.1 Shields
 * Level 5.5 Evocations


You had 10 spell levels left.
You didn't know any spells.

Dungeon Overview and Level Annotations

Branches:
Dungeon (12/15)            Temple (1/1) D:7            Lair (1/6) D:9
    Orc (1/2) D:9

Altars:
Ashenzari
Cheibriados
Dithmenos
Fedhas
Gozag
Hepliaklqana
Kikubaaqudgha
Makhleb
Nemelex Xobeh
Okawaru
Qazlal
Ru
Sif Muna
Trog
Vehumet
Xom
Yredelemnul

Shops:
D:4 (   D:5 *   D:9 ([

Annotations:
Orc:1 Erolcha


Innate Abilities, Weirdness & Mutations

Your mind is acute. (Int +2)
Your spells are a little harder to cast, but a little more powerful.


Message History

You feel better. Something hits you.
* * * LOW HITPOINT WARNING * * *
You block the two-headed ogre's attack.
The two-headed ogre hits you but does no damage.
You feel better. Something hits you. You block the two-headed ogre's attack.
The two-headed ogre hits you with a giant club!!
* * * LOW HITPOINT WARNING * * *
You slash the two-headed ogre!
You kill the two-headed ogre!
Okawaru is honoured by your kill.
Your Fighting skill increases to level 9!
You hit something. Something hits you but does no damage.
You block something's attack.
Things that are here:
a giant spiked club; a giant club; a two-headed ogre corpse You start resting.
Something hits you but does no damage.
You start resting.
Something hits you.
* * * LOW HITPOINT WARNING * * *
You start resting.
Something hits you!
You die...

.....### ........
........ ....
.....>.. ....#
......## ...# .
##......### #..# .#
##.........###...##
..## #.<# #@.........
...## #.## ###...####
....###..# ##..##
.....#..# ##...#
.......# ##....##
.......## ##......#
....#...## ##....#..#
...##....#
####.....##..#
..###....###....##.##
#..#


There were no monsters in sight!

Vanquished Creatures
  2 two-headed ogres (D:10)
  The ghost of Frank the Carver, a novice OpFi (D:8)
  An ugly thing (D:11)
  A gargoyle (D:10)
  A spiny frog (Lair:1)
  Prince Ribbit (D:7)
  A blink frog (D:9)
  2 hippogriffs
  4 yaks (D:11)
  Eustachio (D:5)
  A spriggan (D:9)
  2 hungry ghosts
  2 porcupines (D:9)
  2 orc warriors
  Purgy (D:4)
  3 ice beasts
  2 phantoms
  2 black bears (D:9)
  2 sky beasts
  A centaur (D:7)
  A necrophage (D:10)
  5 ogres
  A crocodile (D:9)
  A big kobold (D:8)
  10 bullfrogs
  3 scorpions
  13 wights
  5 howler monkeys
  5 crimson imps
  A gnoll shaman (D:5)
  An orc priest (D:8)
  5 jellies
  2 orc wizards
  A bullfrog skeleton (D:7)
  2 centaur skeletons
  3 iguanas
  Ijyb (D:5)
  5 worker ants
  A hound zombie (D:8)
  2 hound skeletons
  4 gnolls (D:5)
  A howler monkey skeleton (D:10)
  11 adders
  2 shadow imps
  2 oozes
  2 adder zombies
  3 worms
  3 dart slugs
  3 leopard geckos
  18 orcs
  5 bats
  5 giant cockroaches
  12 goblins
  5 hobgoblins
  12 jackals
  11 kobolds
  A quokka (D:5)
  A ball python (D:3)
  5 frilled lizards
  7 rats
  2 fungi (D:9)
216 creatures vanquished.

Vanquished Creatures (others)
  A centaur (D:9)
  A bullfrog (D:9)
  A scorpion (D:9)
  A hound (D:9)
  A quasit (D:9)
  5 fungi (D:9)
  A plant (D:9)
11 creatures vanquished.

Grand Total: 227 creatures vanquished

Notes
Turn   | Place    | Note
-------+----------+-------------------------------------------
     0 | D:1      | homeworkjunkie the Hill Orc Fighter began the quest for the Orb.
     0 | D:1      | Reached XP level 1. HP: 19/19 MP: 1/1
   138 | D:2      | Reached XP level 2. HP: 27/27 MP: 2/2
   207 | D:3      | Reached XP level 3. HP: 9/33 MP: 3/3
   663 | D:4      | Noticed an ogre
   670 | D:4      | Killed an ogre
   670 | D:4      | Reached skill level 3 in Axes
   670 | D:4      | Reached XP level 4. HP: 40/40 MP: 4/4
   696 | D:3      | Reached XP level 5. HP: 41/47 MP: 5/5
   797 | D:3      | You fall through a shaft for 2 floors!
   797 | D:5      | Entered Level 5 of the Dungeon
   815 | D:4      | Reached skill level 4 in Axes
  1788 | D:1      | Reached XP level 6. HP: 42/53 MP: 6/6
  1863 | D:1      | Gained mutation: Your spells are a little harder to cast, but a little more powerful. [potion of mutation]
  1863 | D:1      | Gained mutation: Your mind is acute. (Int +2) [potion of mutation]
  2200 | D:2      | Reached skill level 5 in Axes
  2671 | D:4      | Reached skill level 5 in Fighting
  2743 | D:4      | Noticed an ice beast
  2767 | D:4      | Killed an ice beast
  2767 | D:4      | Reached XP level 7. HP: 34/61 MP: 7/7
  3032 | D:5      | Noticed Eustachio
  3047 | D:5      | Killed Eustachio
  3047 | D:5      | Reached skill level 6 in Axes
  3047 | D:5      | Reached skill level 5 in Armour
  3047 | D:5      | Reached skill level 1 in Dodging
  3047 | D:5      | Reached skill level 5 in Shields
  3175 | D:4      | Found Congil's Weapon Boutique.
  3176 | D:4      | Noticed Purgy
  3188 | D:4      | Killed Purgy
  3635 | D:4      | Reached skill level 7 in Axes
  3775 | D:6      | Reached XP level 8. HP: 69/69 MP: 8/8
  3975 | D:5      | Found Babing's General Store.
  3983 | D:5      | Bought a scroll of enchant weapon for 90 gold pieces
  4057 | D:5      | Reached skill level 8 in Axes
  4282 | D:5      | Found an opulent altar of Gozag.
  4282 | D:5      | Noticed Ijyb
  4303 | D:5      | Killed Ijyb
  4644 | D:6      | Reached skill level 1 in Evocations
  4730 | D:6      | Reached skill level 9 in Axes
  5169 | D:7      | Noticed Prince Ribbit
  5177 | D:7      | Killed Prince Ribbit
  5177 | D:7      | Reached XP level 9. HP: 78/78 MP: 10/10
  5293 | D:7      | Reached skill level 10 in Axes
  5318 | D:7      | Found a staircase to the Ecumenical Temple.
  5351 | Temple   | Entered the Ecumenical Temple
  5480 | Temple   | Became a worshipper of Warmaster Okawaru
  5565 | D:7      | Found a basalt altar of Yredelemnul.
  6175 | D:8      | Noticed Frank's ghost (novice OpFi)
  6356 | D:8      | Killed Frank's ghost
  6356 | D:8      | Reached * piety under Okawaru
  6356 | D:8      | Reached skill level 11 in Axes
  6356 | D:8      | Reached XP level 10. HP: 76/86 MP: 12/12
  6588 | D:9      | Found a radiant altar of Vehumet.
  6611 | D:8      | Reached skill level 12 in Axes
  7009 | D:8      | Found an ancient bone altar of Kikubaaqudgha.
  7547 | D:9      | Found Wuabben's Armour Shop.
  7556 | D:10     | Entered Level 10 of the Dungeon
  7591 | D:9      | Found a shimmering altar of Xom.
  7626 | D:9      | Reached ** piety under Okawaru
  7706 | D:9      | Found a staircase to the Lair.
  7807 | D:9      | Found Uzehul's Weapon Shop.
  7808 | D:9      | Found a staircase to the Orcish Mines.
  7822 | D:10     | Noticed a gargoyle
  7861 | D:9      | Found a snail-covered altar of Cheibriados.
  7866 | D:9      | Found a burning altar of Makhleb.
  7869 | D:9      | Found a sparkling altar of Nemelex Xobeh.
  7949 | D:9      | Reached *** piety under Okawaru
  7959 | Lair:1   | Entered Level 1 of the Lair of Beasts
  7959 | Lair:1   | Noticed a spiny frog
  7967 | Lair:1   | Killed a spiny frog
  7967 | Lair:1   | Reached skill level 13 in Axes
  8373 | Orc:1    | Entered Level 1 of the Orcish Mines
  8373 | Orc:1    | Noticed Erolcha
  8396 | D:10     | Killed a gargoyle
  8456 | D:10     | Reached skill level 5 in Evocations
  8456 | D:10     | Reached XP level 11. HP: 86/95 MP: 14/14
  8491 | D:10     | Noticed a two-headed ogre
  8503 | D:10     | Killed a two-headed ogre
  8503 | D:10     | Reached **** piety under Okawaru
  8936 | D:11     | Noticed a purple ugly thing
  8957 | D:11     | Killed a purple ugly thing
  9248 | D:11     | Reached skill level 14 in Axes
  9342 | D:10     | Noticed a two-headed ogre
  9358 | D:10     | Killed a two-headed ogre
  9362 | D:10     | Slain by an unseen horror

Skill      XL: |  1  2  3  4  5  6  7  8  9 10 11 |
---------------+----------------------------------+-----
Fighting       | 4 5 6 7 8 9 |  9.0
Axes           | 3 4 5 7 9 11 13 14 | 14.1
Armour         | 4 5 6 7 |  7.4
Shields        | 4 5 6 7 8 9 |  9.1
Dodging        | 1 2 |  2.4
Evocations     | 2 3 5 |  5.5
Stealth        | |  0.1

Action                   |  1- 3 |  4- 6 |  7- 9 | 10-12 || total
-------------------------+-------+-------+-------+-------++-------
Melee: War axe           |    33 |   207 |   299 |   295 ||   834
Evoke: Wand              |       |       |     6 |     2 ||     8
  Use: Potion            |     2 |     2 |     5 |     5 ||    14
       Scroll            |     1 |     5 |     8 |     3 ||    17
  Eat: Royal jelly       |       |     3 |     2 |     1 ||     6
       Fruit             |       |     6 |     2 |    10 ||    18
       Meat ration       |       |       |     2 |       ||     2
       Bread ration      |       |       |     1 |       ||     1
Armor: Scale mail        |    17 |     6 |       |       ||    23
       Ring mail         |       |    96 |    91 |    66 ||   253
Dodge: Dodged            |    12 |    72 |    82 |    80 ||   246
Block: Shield            |    24 |    95 |   207 |   197 ||   523
       Reflection        |       |       |     2 |     4 ||     6
